Map: Romanticide LE

Players

Reynor - Winner!

  • Race: Zerg Zerg

uThermal

  • Race: Terran Terran

Event: DreamHack SC2 Masters 2021 Winter

VOD

Have the link to the VOD?

Description

Time

  • Played on: Oct. 14, 2021, 2:03 p.m.
  • Length: 17:12

All games in this series

Show
View Real Time Build Order
Export as new Build Order

Reynor Zerg - Winner!

Build Orders: Hatch First 

Get SALT Encoding   

  12  0:00  Drone  
  13  0:12  Overlord  
  13  0:17  Drone  
  14  0:30  Drone x2  
  16  0:48  Hatchery  
  15  0:50  Drone  
  15  0:53  Drone  
  17  0:57  Drone  
  18  1:07  Extractor  
  17  1:12  Spawning Pool  
  17  1:15  Drone  
  17  1:18  Drone  
  18  1:27  Drone  
  19  1:38  Drone  
  20  1:50  Overlord  
  20  1:59  Queen  
  20  2:00  Zergling x4  
  20  2:01  Queen  
  26  2:10  Drone  
  26  2:11  Drone  
  28  2:20  Metabolic Boost  
  28  2:21  Drone x2  
  30  2:33  Hatchery  
  30  2:35  Drone  
  30  2:39  Drone  
  31  2:45  Queen  
  31  2:49  Overlord  
  31  2:51  Drone  
  34  2:54  Drone  
  34  2:56  Drone  
  36  3:08  Overlord  
  36  3:10  Drone x4  
  40  3:13  Queen  
  40  3:16  Drone  
  43  3:20  Drone  
  43  3:26  Queen  
  46  3:27  Drone  
  46  3:31  Drone  
  48  3:36  Overlord  
  49  3:41  Drone x3  
  49  3:45  Queen  
  53  3:49  Queen  
  53  3:53  Drone x3  
  53  3:54  Overlord  
  59  3:55  Drone  
  59  3:57  Drone  
  60  4:04  Overlord  
  60  4:06  Drone x2  
  60  4:07  Drone  
  60  4:08  Drone  
  64  4:11  Zergling x4  
  64  4:15  Zergling x2  
  67  4:17  Overlord  
  67  4:19  Drone  
  67  4:20  Drone  
  67  4:22  Queen  
  71  4:27  Drone  
  71  4:28  Spore Crawler  
  71  4:31  Lair  
  71  4:32  Zergling x4  
  71  4:34  Overlord  
  71  4:42  Drone x7  
  71  4:45  Spore Crawler  
  70  4:49  Drone x2  
  70  4:51  Drone  
  74  4:53  Drone  
  74  4:55  Drone  
  74  4:56  Baneling Nest, Drone  
  74  4:58  Drone  
  77  5:01  Overlord  
  77  5:02  Drone  
  77  5:05  Extractor  
  77  5:06  Drone  
  78  5:12  Overlord, Drone x3  
  78  5:13  Drone  
  80  5:29  Drone x8, Hatchery  
  80  5:33  Overlord  
  85  5:36  Drone x2  
  85  5:37  Drone  
  85  5:38  Extractor x2, Drone x2  
  88  5:45  Extractor, Overlord  
  88  5:46  Drone x2  
  88  5:47  Extractor, Centrifugal Hooks  
  88  5:50  Evolution Chamber x2  
  86  5:57  Spore Crawler, Drone x2  
  86  6:00  Evolution Chamber  
  86  6:01  Evolution Chamber  
  86  6:03  Pneumatized Carapace  
  87  6:05  Zergling x2  
  87  6:10  Zergling x4  
  87  6:11  Zergling x4  
  92  6:12  Spore Crawler  
  92  6:13  Overlord  
  92  6:14  Zergling x2  
  92  6:15  Zergling x6, Overseer  
  95  6:19  Zergling x6  
  94  6:26  Drone x2  
  94  6:27  Spore Crawler, Drone  
  93  6:33  Zergling x2  
  93  6:34  Drone  
  93  6:37  Drone x4  
  93  6:38  Drone x2  
  93  6:39  Zerg Ground Armor Level 1  
  101  6:40  Zerg Melee Weapons Level 1  
  101  6:42  Hydralisk Den  
  101  6:43  Drone x2  
  101  6:46  Drone  
  103  6:48  Drone x2  
  103  6:49  Overlord  
  103  6:53  Overlord  
  105  6:55  Roach Warren  
  105  6:56  Drone  
  105  6:58  Evolution Chamber, Drone  
  105  6:59  Drone  
  107  7:08  Spore Crawler  
  107  7:09  Drone  
  107  7:10  Drone x3  
  107  7:11  Spore Crawler, Drone  
  106  7:24  Overseer  
  106  7:28  Drone  
  106  7:29  Drone x9  
  111  7:31  Drone x2  
  111  7:32  Overlord  
  112  7:37  Drone x2  
  112  7:38  Drone x7  
  112  7:42  Overlord  
  116  7:46  Drone x3  
  116  7:47  Drone  
  120  7:52  Extractor  
  120  7:53  Extractor  
  120  7:55  Zerg Missile Weapons Level 1, Hatchery  
  120  7:56  Overlord  
  117  8:04  Roach x2  
  117  8:05  Roach x4  
  129  8:06  Overlord  
  129  8:08  Queen  
  129  8:09  Baneling x6  
  129  8:11  Roach x5, Glial Reconstitution  
  141  8:15  Hatchery  
  141  8:17  Overlord  
  141  8:18  Roach x3  
  147  8:26  Ravager  
  147  8:28  Ravager x3  
  147  8:30  Roach x2  
  147  8:31  Baneling  
  147  8:32  Baneling x4  
  147  8:34  Ravager x2  
  156  8:35  Overlord  
  156  8:38  Roach x4  
  156  8:40  Zerg Ground Armor Level 2  
  160  8:51  Drone  
  160  8:52  Drone x5  
  146  8:56  Roach x3  
  146  8:57  Roach  
  146  9:02  Zerg Melee Weapons Level 2, Infestation Pit  
  153  9:10  Extractor  
  153  9:11  Spawning Pool  
  153  9:16  Drone x3  
  153  9:17  Drone  
  155  9:18  Drone x3  
  155  9:22  Roach x2  
  162  9:24  Overlord  
  158  9:51  Hive  
  158  9:59  Hatchery  
  157  10:01  Zergling x36  
  157  10:04  Zerg Missile Weapons Level 2  
  176  10:08  Ravager x2  
  176  10:09  Drone x3  
  172  10:15  Hatchery  
  172  10:17  Zergling x6, Roach  
  172  10:19  Overlord  
  176  10:33  Ravager x2  
  176  10:34  Hatchery  
  177  10:44  Roach x6  
  177  10:45  Overlord  
  189  10:50  Hatchery  
  188  10:57  Roach x4  
  188  10:58  Roach  
  188  11:00  Overlord  
  191  11:21  Viper x3  
  185  11:28  Hatchery  
  165  11:35  Zergling x18, Roach x4  
  165  11:38  Zergling x6, Roach x4  
  165  11:39  Queen  
  166  11:42  Roach  
  166  11:46  Roach  
  166  11:47  Zergling x4, Roach x2  
  160  11:49  Spire  
  157  11:55  Roach x2  
  157  11:56  Ravager x2  
  157  11:58  Roach x2  
  162  12:01  Roach  
  155  12:12  Roach x7  
  166  12:15  Queen  
  166  12:17  Unknown  
  166  12:21  Queen, Drone x7  
  176  12:24  Ravager  
  176  12:25  Ravager  
  176  12:26  Zerg Ground Armor Level 3  
  176  12:27  Zergling x2  
  176  12:28  Zergling x4  
  181  12:40  Zergling x14, Roach x2  
  181  12:43  Evolution Chamber  
  177  12:46  Roach x2  
  166  12:53  Drone  
  166  12:54  Queen, Drone x7  
  166  12:57  Zerg Missile Weapons Level 3  
  175  12:59  Ravager x3  
  175  13:00  Drone x4  
  175  13:01  Queen, Drone x2  
  175  13:04  Zergling x8  
  189  13:12  Drone  
  189  13:13  Drone x5  
  189  13:15  Ravager x5  
  199  13:22  Spore Crawler, Spine Crawler  
  189  13:54  Roach x10  
  182  14:03  Queen  
  175  14:10  Roach x12  
  188  14:26  Zergling x14  
  188  14:42  Ravager  
  188  14:43  Ravager x9  
  188  14:44  Zergling x4  
  173  15:01  Zergling x20  
  173  15:02  Zergling x2  
  173  15:03  Roach  
  184  15:08  Drone  
  184  15:09  Drone x3  
  188  15:14  Hatchery  
  185  15:31  Hatchery  
  184  15:36  Zergling x4  
  184  15:38  Viper x2  
  184  15:39  Viper x2  
  187  16:09  Roach  
  187  16:10  Roach x5  
  196  16:16  Roach x2  
  196  16:17  Roach x4, Hatchery  
  192  16:24  Roach x5  
  182  16:26  Zergling x6  
  180  16:33  Roach x4  
  190  16:40  Roach x4  
  190  16:41  Roach  
Show
View Real Time Build Order
Export as new Build Order

uThermal Terran 

Build Orders: Command Center First (CC), Liberator Opening, Mech 

Get SALT Encoding   

  12  0:00  SCV  
  13  0:12  SCV  
  14  0:17  Supply Depot  
  14  0:24  SCV  
  15  0:39  SCV  
  16  0:51  SCV  
  17  1:00  Command Center  
  17  1:04  SCV  
  18  1:15  Barracks  
  18  1:17  SCV  
  19  1:22  Refinery  
  19  1:29  SCV  
  20  1:33  Refinery  
  20  1:41  SCV  
  21  1:53  SCV  
  22  2:02  Reaper  
  22  2:06  Orbital Command  
  23  2:12  Orbital Command  
  23  2:19  Factory  
  23  2:32  SCV  
  24  2:38  SCV  
  24  2:39  Barracks Reactor  
  25  2:44  SCV  
  25  2:50  SCV  
  27  2:56  SCV  
  28  3:00  Command Center  
  28  3:04  Starport  
  28  3:07  SCV  
  28  3:08  SCV  
  30  3:13  Supply Depot  
  30  3:19  SCV  
  31  3:21  SCV, Hellion  
  31  3:25  Hellion  
  36  3:31  SCV  
  36  3:33  SCV  
  38  3:40  Liberator  
  38  3:41  Supply Depot  
  41  3:43  SCV  
  41  3:45  SCV  
  41  3:46  Hellion  
  45  3:56  SCV  
  45  4:02  SCV, Marine  
  50  4:03  Hellion  
  50  4:04  Supply Depot  
  50  4:07  Hellion  
  50  4:08  SCV  
  53  4:15  Orbital Command, SCV  
  54  4:21  SCV, Barracks Tech Lab  
  55  4:26  Hellion  
  55  4:27  SCV  
  55  4:28  Supply Depot, Refinery  
  55  4:29  Refinery, Hellion  
  63  4:33  SCV  
  64  4:39  SCV  
  64  4:43  SCV  
  64  4:45  SCV  
  65  4:47  Hellion  
  65  4:51  SCV  
  61  4:54  Factory x2  
  61  4:55  SCV  
  61  4:56  Hellion  
  61  4:58  Banshee, Cloaking Field  
  67  5:00  SCV  
  67  5:01  Orbital Command  
  67  5:04  SCV  
  69  5:12  SCV  
  70  5:17  SCV  
  70  5:19  Hellion x2  
  75  5:21  Refinery  
  75  5:24  SCV, Refinery  
  75  5:25  Supply Depot  
  76  5:29  SCV  
  76  5:30  SCV  
  70  5:36  SCV  
  70  5:39  Factory Tech Lab x2  
  70  5:41  Banshee, SCV  
  70  5:42  Supply Depot, SCV, Hellion  
  78  5:44  Hellion  
  78  5:49  SCV  
  81  5:50  Barracks Reactor  
  81  5:53  Supply Depot, SCV  
  81  5:54  Armory, SCV  
  83  6:01  SCV  
  83  6:02  Siege Tank  
  83  6:04  Siege Tank  
  90  6:05  Supply Depot  
  90  6:08  SCV  
  90  6:09  SCV  
  92  6:14  Hellion  
  92  6:15  SCV, Hellion  
  92  6:17  Supply Depot  
  97  6:20  SCV  
  97  6:21  SCV  
  96  6:27  SCV  
  96  6:31  Factory  
  96  6:34  Siege Tank  
  96  6:36  Hellion, Siege Tank  
  96  6:38  Infernal Pre-Igniter, Factory, SCV  
  98  6:41  Supply Depot, SCV  
  98  6:44  Medivac x2  
  98  6:45  Smart Servos  
  98  6:46  Terran Vehicle Weapons Level 1  
  104  6:47  Hellion  
  104  6:49  Supply Depot  
  104  6:54  SCV  
  104  6:55  Command Center  
  104  7:00  Supply Depot  
  104  7:01  Hellion  
  107  7:03  SCV  
  107  7:07  Siege Tank  
  107  7:08  Engineering Bay, Siege Tank  
  114  7:14  Medivac x2  
  120  7:23  Hellion  
  120  7:26  Hellion  
  120  7:29  Factory Tech Lab  
  118  7:31  Factory Reactor  
  114  7:40  Siege Tank  
  114  7:43  SCV  
  120  7:44  Hellion  
  120  7:46  Medivac x2  
  120  7:47  Command Center  
  120  7:48  Hellion  
  126  7:53  Hellion  
  126  7:56  Armory  
  128  7:58  Missile Turret  
  128  8:01  Siege Tank  
  128  8:02  Missile Turret  
  128  8:03  Missile Turret  
  128  8:08  Hellion x2  
  128  8:12  Siege Tank  
  135  8:14  Siege Tank  
  135  8:16  SCV, Hellion x2  
  143  8:22  Refinery  
  143  8:25  Medivac x2  
  144  8:27  SCV  
  144  8:28  SCV  
  144  8:29  Hellion  
  144  8:33  Hellion  
  150  8:39  Hellion  
  152  8:43  Planetary Fortress, Supply Depot  
  152  8:44  Supply Depot, Siege Tank  
  151  8:51  Hellion, Siege Tank x2  
  139  8:56  SCV  
  139  8:57  Refinery, Hellion  
  139  8:58  Hellion  
  141  9:03  Orbital Command, SCV  
  141  9:05  Terran Vehicle Weapons Level 2  
  142  9:11  Terran Vehicle And Ship Armor Level 1  
  142  9:12  SCV x2  
  144  9:17  Siege Tank  
  144  9:18  Hellion x2  
  144  9:21  Hellion  
  144  9:24  SCV  
  154  9:25  Supply Depot  
  154  9:29  Siege Tank x2  
  154  9:30  Hellion  
  162  9:34  Liberator  
  162  9:36  Liberator  
  166  9:41  Hellion  
  166  9:42  Hellion  
  166  9:43  Hellion  
  166  9:49  Siege Tank  
  166  9:51  Hellion  
  169  9:54  SCV  
  169  9:55  Command Center  
  170  10:01  Siege Tank  
  170  10:02  Hellion  
  170  10:03  Hellion  
  170  10:05  Hellion  
  179  10:10  Hellion x6  
  179  10:17  Command Center  
  179  10:18  Hellion  
  179  10:20  Factory x3  
  177  10:22  Siege Tank  
  177  10:23  Siege Tank  
  177  10:24  Hellion  
  185  10:33  Siege Tank  
  188  10:40  Hellion  
  188  10:42  Supply Depot  
  190  10:43  Sensor Tower  
  190  10:48  Hellion  
  189  10:53  Hellion  
  189  10:54  Siege Tank  
  189  10:55  Hellion, Command Center, Siege Tank  
  192  11:02  Hellion  
  194  11:05  Siege Tank  
  194  11:08  Hellion  
  197  11:20  Hellion  
  191  11:26  Hellion, Siege Tank  
  191  11:27  Medivac, Siege Tank  
  191  11:29  Hellion  
  181  11:34  Hellion  
  181  11:38  Siege Tank  
  170  11:41  Hellion  
  170  11:43  Medivac, SCV  
  175  11:49  Factory Reactor, Factory Tech Lab x2  
  166  11:57  Hellion x2  
  166  11:58  Siege Tank  
  166  11:59  Siege Tank  
  176  12:04  Terran Vehicle Weapons Level 3  
  176  12:06  Hellion  
  176  12:08  Hellion x4  
  170  12:10  Siege Tank  
  170  12:12  Refinery  
  170  12:14  Hellion x2, Siege Tank  
  166  12:18  SCV  
  166  12:19  Planetary Fortress, Hellion  
  166  12:20  Refinery  
  166  12:21  Missile Turret  
  166  12:22  Mag-Field Accelerator  
  169  12:23  Hellion  
  171  12:30  Siege Tank  
  171  12:31  Siege Tank  
  171  12:32  Hellion x2  
  171  12:35  Siege Tank  
  180  12:39  Hellion  
  180  12:42  Siege Tank, Hellion x2  
  180  12:43  SCV  
  168  12:45  SCV, Hellion  
  168  12:46  Siege Tank  
  171  12:53  Hellion  
  171  12:54  Hellion  
  171  12:56  SCV  
  171  12:58  SCV  
  173  13:00  Hellion  
  173  13:02  Terran Vehicle And Ship Armor Level 2, Siege Tank  
  173  13:03  Siege Tank, Hellion x2  
  173  13:04  Medivac x2  
  173  13:05  Planetary Fortress  
  187  13:07  Siege Tank  
  187  13:09  Hellion  
  192  13:16  Hellion x2, Siege Tank  
  195  13:21  Orbital Command  
  195  13:32  Hellion x2  
  199  13:44  Thor  
  186  13:48  Thor  
  186  13:49  Thor  
  186  13:53  Thor  
  198  13:57  Thor  
  164  14:12  Hellion  
  164  14:16  Hellion  
  155  14:19  Hellion  
  157  14:29  Hellion x2  
  157  14:31  Hellion  
  163  14:45  Orbital Command  
  146  15:01  Cyclone  
  146  15:02  Cyclone x2  
  146  15:03  Cyclone x2  
  130  15:33  Cyclone  
  130  15:34  Cyclone  
  130  15:35  SCV x3, Thor, Cyclone x2  
  150  15:37  Orbital Command  
  150  15:39  Hellion x2  
  150  15:40  Hellion  
  156  15:49  SCV x2  
  158  15:51  SCV  
  159  16:01  SCV  
  153  16:06  Cyclone x2  
  153  16:07  Cyclone  
  153  16:08  Cyclone  
  141  16:18  Cyclone  
  119  16:38  Cyclone  
  121  16:43  Hellion  

Tags
 
Add a new tag
Caveats
  • Supply blocks, unpowered buildings, or Contaminate may cause inaccurate times.
  • Supply counts are checked every 10 seconds.